 Dungeon Crawl Stone Soup version 0.17-a0-1468-gbf503c2 (webtiles) character file.

18 pulse the Skirmisher (level 2, 4/24 HPs)
             Began as a Formicid Berserker on July 1, 2015.
             Was a Follower of Trog.
             Quit the game on level 1 of the Dungeon.
             The game lasted 00:01:40 (825 turns).

pulse the Skirmisher (Formicid Berserker)            Turns: 825, Time: 00:01:40

Health: 4/24       AC:  3    Str: 21    XL:     2   Next: 85%
Magic:  2/2        EV: 11    Int:  6    God:    Trog [*.....]
Gold:   119        SH:  3    Dex: 10    Spells: 0 memorised, 1 level left

rFire  . . .     SeeInvis +     a - +0 hand axe
rCold  . . .     Clarity  .     e - +0 leather armour
rNeg   . . .     SustAt   .     d - +0 buckler
rPois  .         Gourm    .     (helmet unavailable)
rElec  .         Spirit   .     (no cloak)
rCorr  .         Warding  .     (no gloves)
rMut   .         Stasis   +     (no boots)
MR     .....                    (no amulet)
Stlth  +.........               (no ring)
                                (no ring)

@: lethally poisoned (4 -> -2), very slightly contaminated, invisible, not
resistant to hostile enchantments, very unstealthy
A: permanent stasis, dig shafts and tunnels, four strong arms, antennae 3
a: Dig, Shaft Self, Burn Spellbooks, Renounce Religion


You were on level 1 of the Dungeon.
You worshipped Trog.
Trog was aware of your devotion.
You were not hungry.

You visited 1 branch of the dungeon, and saw 2 of its levels.

You collected 119 gold pieces.

Inventory:

Hand weapons
 a - a +0 hand axe (weapon)
Armour
 d - a +0 buckler (worn)
 e - a +0 leather armour (worn)
Scrolls
 f - 2 scrolls of magic mapping {unknown}
 g - a scroll of enchant weapon {unknown}
 h - a scroll of remove curse {unknown}
Comestibles
 c - a bread ration


   Skills:
 + Level 3.5 Fighting
 * Level 3.5 Axes
 + Level 2.3 Armour
 - Level 1.7 Dodging
 + Level 0.2 Shields


You had one spell level left.
You didn't know any spells.

Dungeon Overview and Level Annotations

Branches:
Dungeon (2/15)

Altars:


Innate Abilities, Weirdness & Mutations

You are under a permanent stasis effect.
You can dig through walls and to a lower floor.
Your four strong arms can wield two-handed weapons with a shield.
You have a pair of large antennae on your head (SInv).


Message History

The adder is heavily wounded.
You hit the adder but do no damage. The adder bites you. The adder bites you.
You are poisoned.
The adder poisons you!
Drink which item? (? for menu, Esc to quit)
You feel better. The adder bites you. The adder barely misses you.
The adder bites you.
You are poisoned.
The adder poisons you!
Drink which item? (? for menu, Esc to quit)
You fade into invisibility!
You feel sick. The adder bites you.
* * * LOW HITPOINT WARNING * * *
The adder bites you but does no damage. The adder completely misses you.
You are very lightly contaminated with residual magic.
Use which ability? (? or * to list)
Okay, then.
Use which ability? (? or * to list)
Okay, then.
Are you sure you want to abandon this character and quit the game? (Confirm with "yes".)

#######.# ##.## #.##.##.####.#
..# #.###...######.##.##......#
#.# #.....#........##.##.####.#
#.#########...#########.##.# #.#
........# ##.##.........##.# #.#
#.#####.# #.##.##########.# #.#
#.# #.# #.##.# #.# #.# #.# #.#
#.##S## #.# #.# #.# ##.##
#.#.#@#########.# #.#
#.####...###..###S#........# #.#
...........).## ##....#########.#
######...####.###.###...........#
##...)....#.## #############
#.#######.## #######.# ###
........# #########


You could see 2 adders.

Vanquished Creatures
  A ball python (D:1)
  A bat (D:1)
  2 giant cockroaches (D:1)
  A goblin (D:1)
  4 hobgoblins (D:1)
  3 giant newts (D:1)
  3 kobolds (D:1)
  2 rats (D:1)
17 creatures vanquished.

Vanquished Creatures (others)
  4 toadstools (D:1)
4 creatures vanquished.

Grand Total: 21 creatures vanquished

Notes
Turn   | Place    | Note
--------------------------------------------------------------
     0 | D:1      | pulse the Formicid Berserker began the quest for the Orb.
     0 | D:1      | Reached XP level 1. HP: 18/18 MP: 1/1
   146 | D:1      | Reached XP level 2. HP: 16/24 MP: 2/2
   825 | D:1      | Quit the game

Vault maps used:
D:1:      ldierk_walled_garden_2
D:2:      grunt_decor_fettered, uniq_jessica

Action                   || total
-------------------------++-------
Melee: Hand axe          ||    42
  Use: Scroll            ||     2
       Potion            ||     2
